 Dungeon Crawl Stone Soup version 0.17.2-1-ge4368a0 (webtiles) character file.

21 Goblin1989 the Skirmisher (level 2, -8/24 HPs)
             Began as a Demonspawn Fighter on Oct 16, 2016.
             Mangled by a kobold
             ... wielding a +0 whip of electrocution
              (18 damage)
             ... on level 1 of the Dungeon.
             The game lasted 00:02:38 (233 turns).

Goblin1989 the Skirmisher (Demonspawn Fighter)       Turns: 233, Time: 00:02:38

Health: -8/24      AC:  8    Str: 16    XL:     2   Next: 62%
Magic:  2/2        EV:  6    Int:  9    God:
Gold:   48         SH: 10    Dex: 12    Spells: 0 memorised, 1 level left

rFire  . . .     SeeInvis .     a - +0 flail
rCold  . . .     Clarity  .     b - +0 scale mail
rNeg   . . .     SustAt   .     c - +0 shield
rPois  .         Gourm    .     (no helmet)
rElec  .         Spirit   .     (no cloak)
rCorr  .         Warding  .     (no gloves)
rMut   .         Stasis   .     (no boots)
MR     .....                    (no amulet)
Stlth  ..........               (no ring)
                                (no ring)

@: not resistant to hostile enchantments, extremely unstealthy
A: large bone plates 1
a: no special abilities


You were on level 1 of the Dungeon.
You were not hungry.

You visited 1 branch of the dungeon, and saw 2 of its levels.

You collected 48 gold pieces.

Inventory:

Hand Weapons
 a - a +0 flail (weapon)
Armour
 b - a +0 scale mail (worn)
 c - a +0 shield (worn)
Potions
 d - a potion of might
Comestibles
 e - a bread ration {@e1}
 f - a meat ration {@e2}
 g - a slice of pizza


   Skills:
 - Level 3.0 Fighting
 + Level 2.9 Maces & Flails
 - Level 2.6 Armour
 - Level 2.6 Shields


You had one spell level left.
You didn't know any spells.

Dungeon Overview and Level Annotations

Branches:
Dungeon (2/15)

Altars:


Innate Abilities, Weirdness & Mutations

You are partially covered in large bone plates (AC +2, SH +2).


Message History

You hit the kobold but do no damage. The kobold hits you but does no damage.
You miss the kobold. The kobold hits you but does no damage.
You block the kobold's attack.
Your shield and scale mail prevent you from hitting the kobold.
The kobold hits you with a whip of electrocution.
You take 3 damage, and have 10/24 hp.
You miss the kobold. The kobold hits you but does no damage.
You hit the kobold.
The kobold is severely wounded.
You block the kobold's attack.
You barely miss the kobold.
The kobold is severely wounded.
You block the kobold's attack.
The kobold hits you with a whip of electrocution.
You take 1 damage, and have 9/24 hp.
You closely miss the kobold.
The kobold is severely wounded.
The kobold hits you but does no damage.
You are electrocuted!
Ouch! That really hurt!
You die... ਜਜਜਜਜਜਜ

.......
.......
ਜਜ.......
ਜਜਜ........
ਜ...ਜ▲ਜਜਜਜਜ
ਜ>.@K......
ਜ.ਜਜਜ.ਜਜਜਜਜ
ਜ.ਜ .ਜ ਜ.ਜ
. ਜ.ਜ ..
ਜ.ਜ ?. ਜ.ਜ
ਜ.ਜ


You could see a kobold.

Vanquished Creatures
  An adder (D:2)
  A giant cockroach (D:2)
  2 goblins (D:2)
  A giant newt (D:2)
  5 kobolds (D:2)
  A quokka (D:2)
  A rat (D:2)
12 creatures vanquished.

Notes
Turn   | Place    | Note
--------------------------------------------------------------
     0 | D:1      | Goblin1989 the Demonspawn Fighter began the quest for the Orb.
     0 | D:1      | Reached XP level 1. HP: 18/18 MP: 1/1
    24 | D:2      | Gained mutation: You are partially covered in large bone plates (AC +2, SH +2). [demonic ancestry]
    24 | D:2      | Reached XP level 2. HP: 13/24 MP: 2/2
   170 | D:2      | Goblin1989: !lg DsFi
   170 | D:2      | beem: No games for DsFi.
   170 | D:2      | Goblin1989: !lg * DsFi
   170 | D:2      | beem: 118498. ROKA the Skirmisher (L2 DsFi), quit the game on D:1 (minmay_arrival_four_circles) on 2016-10-16 06:04:21, with 9 points after 150 turns and 0:00:11.
   170 | D:2      | Goblin1989: !lg * DsFi csore
   170 | D:2      | beem: No keyword 'csore'
   170 | D:2      | Goblin1989: !lg * DsFi score
   170 | D:2      | beem: No keyword 'score'
   170 | D:2      | Goblin1989: !lg * DsFi score>40000000
   170 | D:2      | beem: No games for * (DsFi score>40000000).
   170 | D:2      | Goblin1989: !lg * DsFi score>0000000
   170 | D:2      | beem: 117103. ROKA the Skirmisher (L2 DsFi), quit the game on D:1 (minmay_arrival_four_circles) on 2016-10-16 06:04:21, with 9 points after 150 turns and 0:00:11.
   170 | D:2      | Goblin1989: !lg * DsFi score>30000000
   170 | D:2      | beem: 1. Turgon the Slayer (L27 DsFi of Ashenzari), escaped with the Orb and 15 runes on 2015-01-09 02:07:16, with 37995582 points after 38421 turns and 19:30:13.
   233 | D:1      | Mangled by a kobold

Action                   || total
-------------------------++-------
Melee: Flail             ||    63

Vault maps used:
D:1:      tarquinn_simple_flora_water_b
D:2:      hex_tiny
